 Dungeon Crawl Stone Soup version 0.16.1-11-g651b585 (webtiles) character file.

31 maniek23 the Insei (level 3, -1/18 HPs)
             Began as a Vine Stalker Transmuter on Apr 3, 2015.
             Slain by a worm (7 damage)
             ... on level 2 of the Dungeon.
             The game lasted 00:01:55 (1239 turns).

maniek23 the Insei (Vine Stalker Transmuter)        Turns: 1239, Time: 00:01:55

Health: -1/18      AC:  2    Str: 12    XL:     3   Next: 22%
Magic:  0/7        EV: 12    Int: 14    God:
Gold:   104        SH:  0    Dex: 14    Spells: 2 memorised, 4 levels left

rFire  . . .     SeeInvis .       - Unarmed
rCold  . . .     Clarity  .     c - +0 robe
rNeg   . . .     SustAb   .     (no shield)
rPois  .         Gourm    .     (no helmet)
rElec  .         Spirit   +     (no cloak)
rCorr  .         Warding  .     (no gloves)
rMut   .         Stasis   .     (boots unavailable)
MR     .....                    (no amulet)
Stlth  +.........               (no ring)
                                (no ring)

@: appendage (expiring), drained, not resistant to hostile enchantments, very
unstealthy
A: fangs 2, talons 3, regeneration 1, magic shield, antimagic bite, no device
heal 3, rot immunity
a: End Transformation


You were on level 2 of the Dungeon.
You were very hungry.
You had grown temporary talons.
You visited 1 branch of the dungeon, and saw 2 of its levels.

You collected 104 gold pieces.

Inventory:

Hand weapons
 l - a +0 dagger of draining
Missiles
 b - 12 arrows
Armour
 c - a +0 robe (worn)
Scrolls
 e - 2 scrolls of identify {unknown}
 f - a scroll of noise {unknown}
 h - a scroll of remove curse {unknown}
 i - 3 scrolls of blinking {unknown}
 n - a scroll of fog {unknown}
Potions
 g - a potion of invisibility {unknown}
 m - a potion of restore abilities {unknown}
 o - a potion of brilliance {unknown}
Books
 d - a book of Changes

   Spells                             Type                      Level
   a - Beastly Appendage              Transmutation                1
   b - Sticks to Snakes               Transmutation                2
   c - Spider Form                    Transmutation/Poison         3
   d - Ice Form                       Ice/Transmutation            4
   e - Blade Hands                    Transmutation                5
Comestibles
 a - a bread ration
 j - 2 fruits
 k - a meat ration


   Skills:
 + Level 1.1(0.5) Fighting
 + Level 1.7(1.1) Dodging
 + Level 3.4(2.8) Unarmed Combat
 + Level 2.5(1.9) Spellcasting
 + Level 2.3(1.7) Transmutations


You had 4 spell levels left.
You knew the following spells:

 Your Spells              Type           Power        Failure   Level  Hunger
a - Beastly Appendage     Trmt           #.....       14%         1    ##.....
b - Sticks to Snakes      Trmt           #.........   21%         2    ###....


Dungeon Overview and Level Annotations

Branches:
Dungeon (2/15)

Altars:


Innate Abilities, Weirdness & Mutations

You have extremely sharp teeth.
Your natural rate of healing is unusually fast.
When hurt, damage is shared between your health and your magic reserves.
Your bite disrupts and absorbs the magic of your enemies.
Potions and wands cannot restore your health.
You are immune to rotting.
You have claws for feet.


Message History

You hit the worm. Your bite misses the worm.
The worm is lightly wounded.
You hit the worm. You claw the worm.
The worm is moderately wounded.
The worm barely misses you.
You hit the worm but do no damage. You claw the worm, but do no damage.
You bite the worm. You drain its power.
The worm is moderately wounded.
You barely miss the worm. Your kick misses the worm.
The worm is moderately wounded.
The worm bites you!
You completely miss the worm. You claw the worm.
The worm is heavily wounded.
The worm bites you!
You barely miss the worm.
The worm is heavily wounded.
You barely miss the worm. Your bite misses the worm.
The worm is heavily wounded.
The worm bites you!
You die...

### ##### #.. ...#
#.# ###.#####.##
###
##.###....@w....#
..#
#......#.###.....#
#.# #..#####.#
...## ..# #..# #.#
.... ..#
#..#####.# ### ..#
#........# ..#
#.######## ..# #.#
..# #.########


You could see a worm.

Vanquished Creatures
  A gnoll (D:1)
  A giant gecko (D:1)
  3 bats (D:1)
  2 giant cockroaches (D:1)
  A hobgoblin (D:1)
  5 kobolds (D:1)
  3 goblins (D:1)
  2 rats (D:1)
18 creatures vanquished.

Notes
Turn   | Place    | Note
--------------------------------------------------------------
     0 | D:1      | maniek23, the Vine Stalker Transmuter, began the quest for the Orb.
     0 | D:1      | Reached XP level 1. HP: 9/9 MP: 3/3
   114 | D:1      | Reached XP level 2. HP: 10/14 MP: 3/5
   518 | D:1      | Reached skill level 1 in Fighting
   892 | D:1      | Reached XP level 3. HP: 16/18 MP: 7/7
  1119 | D:2      | Learned a level 2 spell: Sticks to Snakes
  1239 | D:2      | Slain by a worm

Action                   || total
-------------------------++-------
Melee: Unarmed           ||    68
 Cast: Beastly Appendage ||     5
